[Event "WYCC 2018 G16"]
[Site "Halkidiki"]
[Date "2018.10.24"]
[Round "6"]
[White "Nestorovic, Katarina"]
[Black "Akti, Ezgi"]
[Result "1/2-1/2"]
[ECO "C47"]
[WhiteElo "2015"]
[BlackElo "1643"]
[Annotator "NA"]
[PlyCount "128"]
[EventDate "2018.10.20"]
[EventType "swiss"]
[EventCountry "GRE"]
[SourceTitle "playchess.com"]
[Source "ChessBase"]
[SourceQuality "1"]
[TimeControl "40/5400+30:1800+30"]

1. e4 e5 2. Nf3 Nc6 3. Nc3 Nf6 4. d4 exd4 5. Nxd4 Bb4 6. Nxc6 bxc6 7. Bd3 d5 8. exd5 cxd5 9. O-O O-O 10. h3 c6 11. Qf3 Bd6 {[%emt 0:08:39] LiveBook: 146 Games} 12. Bf4 Rb8 13. b3 Qc7 14. Bxd6 $11 Qxd6 15. Rfe1 Be6 16. Rad1 Rfd8 17. Ne2 Nd7 18. Nd4 Nc5 19. Bf5 Re8 20. c3 Bxf5 21. Nxf5 Qf6 22. Re3 Ne4 23. Rde1 Re5 24. Nd4 Qd6 25. Qf4 g5 26. Qh2 c5 27. Nc6 Qxc6 28. Qxe5 Re8 29. Qf5 Re6 30. f3 Rf6 31. Qg4 Rf4 32. Qh5 Rh4 33. Qxh4 gxh4 34. fxe4 dxe4 35. Rxe4 Qf6 36. Rc4 Qd6 37. a4 Qd2 38. Rf1 Qe3+ 39. Kh1 Qd3 40. Rcf4 Qxc3 41. Rxf7 a6 42. R7f4 h5 43. Rxh4 Qe5 44. Rhf4 Qd5 45. R1f3 Qd1+ 46. Kh2 Qd6 47. Rg3+ Kh7 48. Rf5 Kh6 49. h4 a5 50. Kh3 Qe6 51. Rgg5 Qxb3+ 52. g3 Qe6 53. Rxh5+ Kg7 54. Rhg5+ Kh7 55. Kg2 Qe2+ 56. Rf2 Qe4+ 57. Kh2 Qc4 58. h5 Qd4 59. Rgf5 c4 60. R5f4 Qd3 61. g4 c3 62. g5 Qd6 63. Kg1 c2 64. Rc4 Qd1+ 1/2-1/2

[Event "WYCC 2018 G16"]
[Site "Halkidiki"]
[Date "2018.10.24"]
[Round "6"]
[White "Duson, Robin"]
[Black "Zhang, Cindy"]
[Result "1-0"]
[ECO "B31"]
[WhiteElo "1999"]
[BlackElo "1790"]
[Annotator "NA"]
[PlyCount "91"]
[EventDate "2018.10.20"]
[EventType "swiss"]
[EventCountry "GRE"]
[SourceTitle "playchess.com"]
[Source "ChessBase"]
[SourceQuality "1"]
[TimeControl "40/5400+30:1800+30"]

1. e4 c5 2. Nf3 Nc6 3. Bb5 g6 4. Bxc6 bxc6 5. O-O Bg7 6. Re1 e5 7. c3 Ne7 8. d4 cxd4 $14 {[%emt 0:01:56] LiveBook: 84 Games} 9. cxd4 exd4 10. Nxd4 O-O 11. Nc3 Rb8 12. Nb3 d5 13. Bg5 d4 14. Na4 Re8 15. Qd2 Be6 16. Nbc5 Qd6 17. Nd3 Rb5 18. b3 f5 19. Bf4 Qd8 20. Nac5 Qc8 21. f3 Kh8 22. Re2 Ng8 23. Rae1 Bf7 24. e5 Be6 25. Bg3 Nh6 26. Bf2 Qd8 27. Qf4 Nf7 28. Qxd4 Bd5 29. Qc3 g5 30. Bd4 Be6 31. Nxe6 Rxe6 32. Nc5 Re8 33. Rd2 Qd5 34. Kf1 Nd8 35. e6 Bxd4 36. Rxd4 Rxc5 37. Rc4+ Kg8 38. Rxc5 Qd6 39. Rce5 Re7 40. Qe3 h6 41. h4 Kg7 42. hxg5 h5 43. f4 a6 44. Qh3 Nxe6 45. Qxf5 Rf7 46. Rxe6 1-0

[Event "WYCC 2018 G16"]
[Site "Halkidiki"]
[Date "2018.10.24"]
[Round "6"]
[White "Jarocka, Liwia"]
[Black "Peycheva, Gergana"]
[Result "1/2-1/2"]
[ECO "C06"]
[WhiteElo "1990"]
[BlackElo "2152"]
[Annotator "NA"]
[PlyCount "47"]
[EventDate "2018.10.20"]
[EventType "swiss"]
[EventCountry "GRE"]
[SourceTitle "playchess.com"]
[Source "ChessBase"]
[SourceQuality "1"]
[TimeControl "40/5400+30:1800+30"]

1. e4 e6 2. d4 d5 3. Nd2 Nf6 4. e5 Nfd7 5. Bd3 c5 6. c3 Nc6 7. Ne2 cxd4 8. cxd4 f6 9. exf6 Nxf6 10. Nf3 Bd6 11. O-O Qc7 12. Bg5 O-O 13. Bh4 Bd7 14. Bg3 Nh5 15. Qc2 h6 16. Bxd6 Qxd6 17. Qd2 Rxf3 18. gxf3 $15 Rf8 19. Bb5 Rxf3 20. Bxc6 Bxc6 21. Rac1 Nf6 22. Ng3 Ne4 23. Qe2 Rf4 24. Rc2 1/2-1/2

[Event "WYCC 2018 G16"]
[Site "Halkidiki"]
[Date "2018.10.24"]
[Round "6"]
[White "Zhang, Xiao"]
[Black "Hilario, Aleyla"]
[Result "0-1"]
[ECO "D17"]
[WhiteElo "1980"]
[BlackElo "2175"]
[Annotator "NA"]
[PlyCount "104"]
[EventDate "2018.10.20"]
[EventType "swiss"]
[EventCountry "GRE"]
[SourceTitle "playchess.com"]
[Source "ChessBase"]
[SourceQuality "1"]
[TimeControl "40/5400+30:1800+30"]

1. d4 d5 2. c4 c6 3. Nf3 Nf6 4. Nc3 dxc4 5. a4 Bf5 6. Ne5 e6 7. f3 Bb4 8. Kf2 {[%emt 0:01:51] D17: Slav Defence: 5 a4 Bf5: Lines with 6 Nh4 and 6 Ne5} Nbd7 9. Nxc4 h6 $146 ({Predecessor:} 9... O-O 10. e4 Bg6 11. Be3 Qe7 12. Qb3 c5 13. Na2 cxd4 14. Qxb4 dxe3+ 15. Nxe3 Nc5 {0-1 (25) L'Ami,E (2606)-Van Wely,L (2658) playchess.com INT 2016}) 10. e4 Bh7 11. Bd3 O-O 12. Rf1 e5 13. Be3 exd4 14. Bxd4 Nc5 15. Bc2 Ne6 16. Be3 Qc7 17. Kg1 Rfd8 18. Qc1 Nd4 19. Bd1 b5 20. Nd2 a6 21. Nb3 Ne6 22. Be2 Bd6 23. g3 {[%emt 0:21:07] [#]} h5 $11 (23... b4 $1 $19 24. Na2 {[#]} Bxg3 $1 ) 24. Bf2 h4 25. Kg2 b4 26. Na2 Nh5 27. Qe1 Qd7 28. g4 Nef4+ 29. Kh1 Qxg4 30. Rg1 Qh3 31. Qf1 Nd3 32. Rg2 Nxf2+ 33. Qxf2 Ng3+ 34. Kg1 Nxe2+ 35. Qxe2 Qe6 36. Qe3 h3 37. Rg5 Qh6 38. f4 f6 39. Rg4 f5 40. exf5 Bxf5 41. Rg5 Qf6 42. Rf1 Re8 43. Qg3 Re2 44. Qf3 Rxb2 45. Qxc6 Rd8 46. Nac1 Be6 47. Rg3 Qf5 48. Rd3 Qg6+ 49. Rg3 Qc2 50. Qxc2 Rxc2 51. Rg5 Bc4 52. Rf2 Bxf4 0-1

[Event "WYCC 2018 G16"]
[Site "Halkidiki"]
[Date "2018.10.24"]
[Round "6"]
[White "Sanskriti Goyal"]
[Black "Bania, Eleni"]
[Result "1-0"]
[ECO "A01"]
[WhiteElo "1971"]
[BlackElo "1454"]
[Annotator "NA"]
[PlyCount "93"]
[EventDate "2018.10.20"]
[EventType "swiss"]
[EventCountry "GRE"]
[SourceTitle "playchess.com"]
[Source "ChessBase"]
[SourceQuality "1"]
[TimeControl "40/5400+30:1800+30"]

1. b3 e5 2. Bb2 Nc6 3. c4 Nf6 4. e3 Bd6 5. a3 O-O $11 6. Qc2 Qe7 7. d3 Nd8 8. Nf3 c6 9. Nbd2 Bc7 10. c5 Re8 11. Rc1 h6 12. Be2 Nh7 13. d4 exd4 14. Nxd4 Ne6 15. Nf5 Qd8 16. Ne4 Rf8 17. Bc4 f6 18. Ned6 Bxd6 19. cxd6 Kh8 20. h4 Qe8 21. Ne7 Rf7 22. Be2 Rxe7 23. dxe7 Qxe7 24. Rh3 d5 25. Rg3 Bd7 26. Kf1 Be8 27. b4 a6 28. e4 dxe4 29. Qxe4 Bf7 30. Re1 Qc7 31. Bc4 Re8 32. Qg4 Qd7 33. f4 Nhf8 34. f5 Ng5 35. hxg5 Bxc4+ 36. Qxc4 Qxf5+ 37. Rf3 Rxe1+ 38. Kxe1 Qxg5 39. g3 Ng6 40. Qe4 Qh5 41. Kd2 a5 42. Kc2 axb4 43. axb4 Ne7 44. Re3 Ng6 45. Bxf6 Qh2+ 46. Re2 Qxg3 47. Rg2 1-0

[Event "WYCC 2018 G16"]
[Site "Halkidiki"]
[Date "2018.10.24"]
[Round "6"]
[White "Ros Alonso, Joana"]
[Black "Schulze, Lara"]
[Result "0-1"]
[ECO "C07"]
[WhiteElo "1952"]
[BlackElo "2122"]
[Annotator "NA"]
[PlyCount "62"]
[EventDate "2018.10.20"]
[EventType "swiss"]
[EventCountry "GRE"]
[SourceTitle "playchess.com"]
[Source "ChessBase"]
[SourceQuality "1"]
[TimeControl "40/5400+30:1800+30"]

1. e4 e6 2. d4 d5 3. Nd2 c5 4. Ngf3 cxd4 5. Nxd4 Nc6 6. Bb5 Bd7 7. Nxc6 bxc6 8. Bd3 Qc7 9. Qe2 {[%emt 0:00:22] C07: French Tarrasch: 3...c5, 4 Ngf3 and 4 exd5 Qxd5} Ne7 (9... Bd6 10. Nf3 dxe4 11. Qxe4 Nf6 12. Qh4 h6 13. Bd2 c5 14. O-O-O Rb8 15. Rhe1 Bc6 16. Bc3 Bxf3 17. gxf3 {1-0 (42) McShane,L (2644)-Howell,D (2702) Llandudno 2017}) 10. Nf3 Ng6 11. O-O Be7 12. c4 dxe4 13. Qxe4 $146 ({Predecessor:} 13. Bxe4 f5 14. Bc2 e5 15. Ng5 h6 16. Qh5 O-O 17. Qxg6 hxg5 18. Bxg5 {1-0 (29) Glaser,H (2395)-Pascual Gras,E (2430) ICCF corr 1984}) 13... O-O 14. g3 f5 15. Qe2 e5 16. Bc2 c5 17. h4 e4 18. Nh2 Bf6 19. h5 Ne5 20. Bf4 Be6 21. Rad1 Qf7 22. b3 Nc6 23. Bb1 Nd4 24. Qe3 $19 Qxh5 25. f3 Rad8 26. Rd2 g5 27. Bc7 Nxf3+ 28. Nxf3 Rxd2 29. Qxd2 exf3 30. Qh2 Bd4+ 31. Kh1 Qg4 0-1

[Event "WYCC 2018 G16"]
[Site "Halkidiki"]
[Date "2018.10.24"]
[Round "6"]
[White "Shanya Mishra"]
[Black "Sosa Suarez, Carla Cristina"]
[Result "1-0"]
[ECO "E06"]
[WhiteElo "1924"]
[BlackElo "2025"]
[Annotator "NA"]
[PlyCount "89"]
[EventDate "2018.10.20"]
[EventType "swiss"]
[EventCountry "GRE"]
[SourceTitle "playchess.com"]
[Source "ChessBase"]
[SourceQuality "1"]
[TimeControl "40/5400+30:1800+30"]

1. d4 e6 2. c4 Nf6 3. Nf3 d5 4. g3 Be7 5. Bg2 O-O 6. O-O dxc4 7. Ne5 Nc6 8. Nxc6 bxc6 9. Qc2 Rb8 10. Qxc4 Rb4 11. Qc2 Qxd4 12. Nc3 $11 Qg4 13. b3 Rb8 14. Be3 a6 15. Rad1 Qh5 16. f3 e5 17. Bf2 Be6 18. e4 Nd7 19. Na4 c5 20. Nxc5 Nxc5 21. Bxc5 Qg5 22. Qc1 Rfd8 23. Be3 Qf6 24. Qxc7 h5 25. Rxd8+ Rxd8 26. h4 Rc8 27. Qb7 Bc5 28. Bxc5 Rxc5 29. Qxa6 g5 30. Qe2 gxh4 31. Qf2 Qe7 32. gxh4 Qc7 33. Qg3+ Kf8 34. Kh2 Rc2 35. Rf2 Rc1 36. Qg5 Qc5 37. Kg3 Rc2 38. Rxc2 Qxc2 39. Qxe5 Qxa2 40. Qh8+ Ke7 41. Qxh5 Qxb3 42. Qg5+ Kd7 43. h5 Qc3 44. h6 Qe1+ 45. Kh2 1-0

[Event "WYCC 2018 G16"]
[Site "Halkidiki"]
[Date "2018.10.24"]
[Round "6"]
[White "Esadze, Tamari"]
[Black "Mikic, Ivana"]
[Result "1-0"]
[ECO "C95"]
[WhiteElo "1911"]
[BlackElo "1783"]
[Annotator "NA"]
[PlyCount "75"]
[EventDate "2018.10.20"]
[EventType "swiss"]
[EventCountry "GRE"]
[SourceTitle "playchess.com"]
[Source "ChessBase"]
[SourceQuality "1"]
[TimeControl "40/5400+30:1800+30"]

1. e4 e5 2. Nf3 Nc6 3. Bb5 a6 4. Ba4 Nf6 5. O-O Be7 6. Re1 b5 7. Bb3 d6 8. c3 O-O 9. h3 Nb8 10. d4 Nbd7 11. Nbd2 c5 12. d5 Re8 13. Nf1 Bf8 14. Ng3 g6 15. Be3 Bg7 16. Qd2 Qc7 17. Nh4 Bb7 18. Bh6 Bh8 19. Nhf5 c4 20. Bc2 Nb6 21. Qg5 Bc8 22. Re3 Bxf5 23. Nxf5 Qd8 24. Rg3 Nc8 25. h4 Nd7 26. Qxd8 Rxd8 27. a4 Ndb6 28. h5 Bf6 29. Be3 Rd7 30. a5 Kh8 31. Nh6 Nxd5 32. exd5 Bg7 33. hxg6 hxg6 34. Rh3 Bxh6 35. Bxh6 Kg8 36. f4 Ne7 37. Bg5 exf4 38. Bf6 1-0

[Event "WYCC 2018 G16"]
[Site "Halkidiki"]
[Date "2018.10.24"]
[Round "6"]
[White "Xing, Ashley"]
[Black "Hercog, Nusa"]
[Result "0-1"]
[ECO "D36"]
[WhiteElo "1889"]
[BlackElo "2017"]
[Annotator "NA"]
[PlyCount "56"]
[EventDate "2018.10.20"]
[EventType "swiss"]
[EventCountry "GRE"]
[SourceTitle "playchess.com"]
[Source "ChessBase"]
[SourceQuality "1"]
[TimeControl "40/5400+30:1800+30"]

1. d4 d5 2. c4 e6 3. Nc3 Nf6 4. cxd5 exd5 5. Bg5 c6 6. Qc2 Be7 7. e3 Nbd7 8. Bd3 h6 9. Bh4 O-O 10. Nge2 Re8 11. f3 c5 12. O-O a6 13. a4 $11 Qc7 14. Bf2 Bd6 15. Kh1 b6 16. Rad1 Bb7 17. Bf5 Nf8 18. Rfe1 g6 19. Bh3 N8h7 20. g3 Ng5 21. Bg2 Rad8 22. h4 Ne6 23. Nf4 cxd4 24. Nxe6 Rxe6 25. Rxd4 Bxg3 26. Bh3 Ree8 27. Red1 Be5 28. R4d2 d4 0-1

[Event "WYCC 2018 G16"]
[Site "Halkidiki"]
[Date "2018.10.24"]
[Round "6"]
[White "Skaslien, Ingrid"]
[Black "Plaza Reino, Mercedes"]
[Result "0-1"]
[ECO "D00"]
[WhiteElo "1885"]
[BlackElo "1727"]
[Annotator "NA"]
[PlyCount "54"]
[EventDate "2018.10.20"]
[EventType "swiss"]
[EventCountry "GRE"]
[SourceTitle "playchess.com"]
[Source "ChessBase"]
[SourceQuality "1"]
[TimeControl "40/5400+30:1800+30"]

1. d4 d5 2. Bg5 f6 3. Bh4 Nh6 4. e3 Nf5 5. Bg3 h5 6. h4 Nxg3 7. fxg3 Qd6 8. Kf2 e5 9. c3 Be6 10. Be2 Bf7 11. Nd2 Nd7 12. Ngf3 O-O-O 13. a4 g6 14. Re1 Bh6 15. Nf1 g5 16. Qb3 Rhg8 17. Bd1 Rg7 18. Kg1 Rdg8 19. Re2 Be6 20. N3h2 gxh4 21. gxh4 Bf5 22. Rf2 Qe6 23. Bc2 Bh3 24. g3 e4 25. Re1 Qd6 26. Kh1 Rxg3 27. Nxg3 Qxg3 0-1

[Event "WYCC 2018 G16"]
[Site "Halkidiki"]
[Date "2018.10.24"]
[Round "6"]
[White "Tejasvi M"]
[Black "Golsta, Ramona"]
[Result "1/2-1/2"]
[ECO "B22"]
[WhiteElo "1869"]
[BlackElo "1681"]
[Annotator "NA"]
[PlyCount "92"]
[EventDate "2018.10.20"]
[EventType "swiss"]
[EventCountry "GRE"]
[SourceTitle "playchess.com"]
[Source "ChessBase"]
[SourceQuality "1"]
[TimeControl "40/5400+30:1800+30"]

1. e4 c5 2. c3 d5 3. exd5 Qxd5 4. d4 g6 5. Nf3 Nc6 6. Be3 Bg7 7. Na3 cxd4 8. Nb5 Qd8 9. Nbxd4 Nf6 10. Nxc6 Qxd1+ 11. Rxd1 bxc6 12. Nd4 Bb7 13. Nb3 O-O 14. Be2 Nd5 15. Bc5 a5 16. Ba3 Ba6 17. Bxa6 Rxa6 18. O-O Re8 19. Rfe1 e6 20. g3 Rc8 21. Nc5 Raa8 22. Ne4 Rc7 23. Kf1 Rb7 24. Nc5 Rbb8 25. Kg2 Ra7 26. Ne4 Bf8 27. Bxf8 Kxf8 28. Rd2 a4 29. Nc5 Ke7 30. a3 Rb5 31. Nd3 Rb8 32. Re4 Rd8 33. Nb4 Nxb4 34. Rxd8 Kxd8 35. Rxb4 Kc7 36. Kf3 c5 37. Rb5 Kc6 38. c4 Rd7 39. Ra5 Rd2 40. Rxa4 Rxb2 41. Ra7 Rb3+ 42. Ke4 Rc3 43. Rxf7 Rxc4+ 44. Ke5 Rc2 45. Ke4 Rc4+ 46. Ke5 Rc2 1/2-1/2

[Event "WYCC 2018 G16"]
[Site "Halkidiki"]
[Date "2018.10.24"]
[Round "6"]
[White "Kvendseth, Thyra"]
[Black "Aubert, Estee"]
[Result "1-0"]
[ECO "E67"]
[WhiteElo "1854"]
[BlackElo "2064"]
[Annotator "NA"]
[PlyCount "141"]
[EventDate "2018.10.20"]
[EventType "swiss"]
[EventCountry "GRE"]
[SourceTitle "playchess.com"]
[Source "ChessBase"]
[SourceQuality "1"]
[TimeControl "40/5400+30:1800+30"]

1. d4 Nf6 2. Nf3 g6 3. g3 Bg7 4. Bg2 O-O 5. O-O d6 6. c4 Nbd7 7. Nc3 e5 8. Re1 Re8 9. e4 exd4 10. Nxd4 a5 {[%emt 0:00:26] LiveBook: 10 Games} 11. Bg5 {[%emt 0:10:18] E68: King's Indian: Fianchetto: 6...Nbd7 7 0-0 e5 8 e4} h6 12. Bf4 Nc5 13. Ndb5 Ne6 $146 ({Predecessor:} 13... g5 14. Bc1 Be6 15. b3 Ng4 16. f3 Ne5 17. Be3 Bd7 {0-1 (36) Henriquez Garcia,D (1953)-Meneses Gonzalez,K (2305) Tenerife 2017}) 14. Be3 Nd7 15. f4 Nec5 16. Qd2 Kh7 17. Rad1 Na6 18. b3 Ndc5 19. e5 Bg4 20. Rc1 dxe5 21. Qxd8 Rexd8 22. Nxc7 Nd3 23. Nxa8 Nxe1 24. Bxb7 Nd3 25. Rf1 exf4 26. Bd2 Nac5 27. Bd5 Bd4+ 28. Kg2 f3+ 29. Rxf3 Bxf3+ 30. Kxf3 Ne5+ 31. Kg2 Na6 32. Nb5 Bc5 33. Bxa5 Rd7 34. Nb6 Re7 35. Na4 Nd3 36. Nxc5 Naxc5 37. Nd4 f5 38. b4 Na4 39. b5 f4 40. b6 Nac5 41. Bc6 g5 42. a4 h5 43. h3 fxg3 44. Kxg3 Re3+ 45. Kg2 Nf4+ 46. Kf1 Rd3 47. Nb5 Rd1+ 48. Kf2 Nxh3+ 49. Ke2 Rd8 50. b7 Nf4+ 51. Ke1 Nfd3+ 52. Kd1 Rf8 53. Bc7 Nb4 54. Bg2 Nba6 55. Bd6 Rd8 56. Ke2 Nxa4 57. Be4+ Kh6 58. Kf3 N4c5 59. Bd5 Nd7 60. Nd4 Nb6 61. Be7 Rd7 62. Nf5+ Kg6 63. Be4 g4+ 64. Kf4 Kf7 65. Bd6 Rd8 $2 (65... Ke6 $11 {and Black stays safe.}) 66. c5 Na4 $18 (66... Nd7 67. c6 Ndb8) 67. c6 Rxd6 68. Nxd6+ Ke6 69. c7 Nxc7 70. b8=Q Kxd6 71. Qd8+ {[%emt 0:00:07] Kd5} 1-0

[Event "WYCC 2018 G16"]
[Site "Halkidiki"]
[Date "2018.10.24"]
[Round "6"]
[White "Pecorini, Angie"]
[Black "Michielsen, Lies"]
[Result "1/2-1/2"]
[ECO "D35"]
[WhiteElo "1847"]
[BlackElo "1398"]
[Annotator "NA"]
[PlyCount "63"]
[EventDate "2018.10.20"]
[EventType "swiss"]
[EventCountry "GRE"]
[SourceTitle "playchess.com"]
[Source "ChessBase"]
[SourceQuality "1"]
[TimeControl "40/5400+30:1800+30"]

1. d4 Nf6 2. c4 e6 3. Nc3 d5 4. cxd5 Nxd5 5. e4 Nxc3 6. bxc3 c5 7. Nf3 cxd4 8. cxd4 Bb4+ 9. Bd2 Bxd2+ 10. Qxd2 O-O 11. Bc4 Nd7 12. O-O Nf6 13. Rfe1 b6 14. Ne5 Bb7 15. f3 Rc8 16. Rac1 Nd7 17. Ng4 Nf6 18. Nxf6+ Qxf6 19. d5 exd5 20. Bxd5 Rxc1 21. Rxc1 Rd8 22. Rc7 Bxd5 23. exd5 a5 24. d6 Kf8 25. Rc6 b5 26. Qd5 Qe6 27. Qxe6 fxe6 28. Kf2 b4 29. Ra6 Ke8 30. Ke3 Kf7 31. Rxa5 Rxd6 32. Rb5 1/2-1/2

[Event "WYCC 2018 G16"]
[Site "Halkidiki"]
[Date "2018.10.24"]
[Round "6"]
[White "Leonova, Ameliya"]
[Black "Aciu, Malina-Andreea"]
[Result "0-1"]
[ECO "B54"]
[WhiteElo "1736"]
[BlackElo "1976"]
[Annotator "NA"]
[PlyCount "102"]
[EventDate "2018.10.20"]
[EventType "swiss"]
[EventCountry "GRE"]
[SourceTitle "playchess.com"]
[Source "ChessBase"]
[SourceQuality "1"]
[TimeControl "40/5400+30:1800+30"]

1. e4 c5 2. Nf3 d6 3. d4 cxd4 4. Nxd4 Nf6 5. f3 a6 6. c4 e6 7. Be3 Be7 8. Be2 Qc7 9. O-O O-O 10. Nc3 b6 11. Qd2 Bb7 12. Rfc1 Nbd7 13. a4 Rab8 14. Nb3 Nc5 15. Qd1 Nxb3 16. Qxb3 Ba8 17. Qc2 Rbc8 18. Qd2 Rfd8 19. Rab1 Nd7 20. b4 Ne5 21. f4 Nd7 22. Qa2 Bf6 23. Bf3 Qxc4 24. Rb3 Bd4 25. Bxd4 Qxd4+ 26. Qf2 Qxf2+ 27. Kxf2 Nf6 28. Rd1 Kf8 29. g4 Ke7 30. g5 Nd7 31. h4 Rc7 32. Ne2 Nb8 33. h5 Rc4 34. Ke3 Nc6 35. Rdb1 a5 36. b5 Nb4 37. Nd4 Rdc8 38. f5 e5 39. Ne2 Nc2+ 40. Kd2 Nd4 41. Nxd4 Rxd4+ 42. Rd3 Rxa4 43. f6+ gxf6 44. gxf6+ Kxf6 45. Rxd6+ Ke7 46. Rxb6 Ra2+ 47. Ke1 Rc3 48. Ra6 Re3+ 49. Kf1 Rxf3+ 50. Kg1 Rg3+ 51. Kf1 Rh3 0-1

[Event "WYCC 2018 G16"]
[Site "Halkidiki"]
[Date "2018.10.24"]
[Round "6"]
[White "Hewawasam, H Y Nevanjee Dimany"]
[Black "De Silva, Tenara"]
[Result "0-1"]
[ECO "B06"]
[WhiteElo "1686"]
[BlackElo "1927"]
[Annotator "NA"]
[PlyCount "92"]
[EventDate "2018.10.20"]
[EventType "swiss"]
[EventCountry "GRE"]
[SourceTitle "playchess.com"]
[Source "ChessBase"]
[SourceQuality "1"]
[TimeControl "40/5400+30:1800+30"]

1. e4 d6 2. d4 g6 3. Nc3 Bg7 4. Be3 a6 5. Qd2 b5 6. h4 h5 7. f3 Bb7 8. Nh3 Nd7 9. Ng5 Nh6 10. Be2 c5 11. Nd1 Qc7 12. c3 Rc8 13. Rc1 cxd4 14. Bxd4 Bxd4 15. Qxd4 Nf6 16. Nf2 e5 17. Qd2 d5 18. O-O Qb6 19. Rcd1 Rd8 20. Kh1 Ke7 21. Qe1 dxe4 22. fxe4 Nd7 23. Nd3 f6 24. Qg3 a5 25. Nc1 Ng4 26. Bxg4 hxg4 27. Qxg4 fxg5 28. Qxg5+ Ke8 29. Nb3 Rh5 30. Qg4 Ke7 31. Kh2 Nf6 32. Qh3 Bc8 33. Qg3 Rdh8 34. Nd4 Rxh4+ 35. Kg1 Rh1+ 36. Kf2 Nxe4+ 37. Kf3 Nxg3 38. Kxg3 Rxf1 39. Rxf1 exd4 40. a4 d3 41. axb5 d2 42. b4 Qe3+ 43. Rf3 Qxf3+ 44. gxf3 d1=Q 45. bxa5 Bb7 46. a6 Qxf3# 0-1

[Event "WYCC 2018 G16"]
[Site "Halkidiki"]
[Date "2018.10.24"]
[Round "6"]
[White "Simkunaite, Gabija"]
[Black "Bogdanic, Katarina"]
[Result "1/2-1/2"]
[ECO "B22"]
[WhiteElo "1650"]
[BlackElo "2014"]
[Annotator "NA"]
[PlyCount "105"]
[EventDate "2018.10.20"]
[EventType "swiss"]
[EventCountry "GRE"]
[SourceTitle "playchess.com"]
[Source "ChessBase"]
[SourceQuality "1"]
[TimeControl "40/5400+30:1800+30"]

1. e4 c5 2. c3 Nf6 3. e5 Nd5 4. d4 cxd4 5. Nf3 e6 6. cxd4 b6 7. Nc3 Nxc3 8. bxc3 Qc7 9. Bd2 {[%emt 0:01:33] LiveBook: 573 Games} Be7 10. Bd3 Ba6 11. Qe2 {[%emt 0:05:16] B22: Sicilian: 2 c3} (11. Bxa6 Nxa6 12. Qe2 Nb8 13. c4 Qb7 14. O-O O-O 15. a4 d6 16. Bb4 dxe5 17. Bxe7 Qxe7 18. Nxe5 Nd7 19. a5 Nxe5 20. Qxe5 {½-½ (99) Smerdon,D (2525)-Dominguez Perez,L (2719) Khanty-Mansiysk 2009}) 11... Bxd3 12. Qxd3 Nc6 13. O-O O-O 14. Bg5 f6 $146 ({Predecessor:} 14... d5 15. exd6 Bxd6 16. Bh4 h6 17. Bg3 Rfd8 18. Rac1 Rac8 {0-1 (33) Satta,V (2300)-Mantovani,R (2365) Castiglione 1995}) 15. exf6 Bxf6 16. Bxf6 Rxf6 17. d5 $11 Ne5 18. Nxe5 Qxe5 19. dxe6 dxe6 20. Rae1 Qc5 21. Re3 Raf8 22. Qe2 Qc6 23. Rg3 R8f7 24. Qd2 Rd7 25. Qe2 Qd6 26. h3 Qd2 27. Qe5 Kf7 28. Qh5+ Kg8 29. Qe5 Qf4 30. Qb5 Qd6 31. Qe2 Qc5 32. Re3 Qd5 33. Rg3 Kf8 34. Qa6 Kg8 35. Qe2 Qd6 36. Qe3 Qf4 37. Qe1 Qd6 38. Qe2 g6 39. Re3 Kf7 40. Qa6 Qd2 41. Qc8 Re7 42. Qh8 Qc2 43. Qxh7+ Kf8 44. Qh4 Kf7 45. Qc4 Rd7 46. Qc6 Qd2 47. Rf3 Rxf3 48. Qxf3+ Kg7 49. Qe4 Qxa2 50. Qe5+ Kf7 51. Qf4+ Kg7 52. Qe5+ Kf7 53. Qf4+ 1/2-1/2

[Event "WYCC 2018 G16"]
[Site "Halkidiki"]
[Date "2018.10.24"]
[Round "6"]
[White "Cotun, Mihaela"]
[Black "Moerwald, Magdalena"]
[Result "1/2-1/2"]
[ECO "B10"]
[WhiteElo "1482"]
[BlackElo "1875"]
[Annotator "NA"]
[PlyCount "122"]
[EventDate "2018.10.20"]
[EventType "swiss"]
[EventCountry "GRE"]
[SourceTitle "playchess.com"]
[Source "ChessBase"]
[SourceQuality "1"]
[TimeControl "40/5400+30:1800+30"]

1. e4 c6 2. Nf3 d5 3. exd5 cxd5 4. Ne5 Nf6 5. d4 a6 6. Bd3 g6 7. O-O Bg7 8. Re1 O-O 9. c3 Be6 10. Nd2 Qc8 11. h3 Bf5 12. Nf1 Bxd3 13. Nxd3 Nc6 14. Ng3 Nd7 15. Bf4 Nb6 16. Ne5 Na5 17. Ng4 Re8 18. Nh6+ Bxh6 19. Bxh6 Nac4 20. Qc1 Nd6 21. Qf4 Nf5 22. Nxf5 Qxf5 23. Qh4 f6 24. g4 g5 25. gxf5 gxh4 26. Kh2 Kf7 27. Rg1 Rg8 28. Rg4 Rxg4 29. hxg4 Nc4 30. b3 Nd6 31. f3 Re8 32. Re1 Kg8 33. Kh3 Nf7 34. Bf4 Ng5+ 35. Kg2 b5 36. Rh1 Rc8 37. Rc1 e6 38. fxe6 Nxe6 39. Bd2 Kf7 40. Rh1 b4 41. Rc1 bxc3 42. Rxc3 Rxc3 43. Bxc3 Kg6 44. Kh2 f5 45. Kh3 Ng5+ 46. Kxh4 f4 47. b4 Nxf3+ 48. Kh3 Ng5+ 49. Kg2 Ne4 50. Be1 Ng5 51. a4 Ne6 52. Bf2 h5 53. gxh5+ Kxh5 54. b5 axb5 55. axb5 Kg4 56. b6 Nd8 57. Be1 f3+ 58. Kf2 Kf4 59. Bc3 Ke4 60. Bb2 Nb7 61. Bc3 Nd8 1/2-1/2

[Event "WYCC 2018 G16"]
[Site "Halkidiki"]
[Date "2018.10.24"]
[Round "6"]
[White "Sagar Siya"]
[Black "Nguyen, Vu Thu Hien"]
[Result "0-1"]
[ECO "B17"]
[WhiteElo "1310"]
[BlackElo "1841"]
[Annotator "NA"]
[PlyCount "94"]
[EventDate "2018.10.20"]
[EventType "swiss"]
[EventCountry "GRE"]
[SourceTitle "playchess.com"]
[Source "ChessBase"]
[SourceQuality "1"]
[TimeControl "40/5400+30:1800+30"]

1. e4 c6 2. d4 d5 3. Nc3 dxe4 4. Nxe4 Nd7 5. Bc4 Ngf6 6. Ng5 e6 7. Qe2 Nb6 8. Bd3 h6 9. N5f3 c5 10. dxc5 Bxc5 11. Ne5 Nbd7 12. Ngf3 O-O 13. Bd2 Nxe5 14. Nxe5 Bd4 15. O-O-O Qd5 16. Nc4 b5 17. Bb4 bxc4 18. Bxf8 cxd3 19. Qxd3 Bxf2 20. Qxd5 Nxd5 21. Bd6 Ba6 22. Bg3 Bc5 23. Rhe1 Rc8 24. Kb1 Rc6 25. a3 Rb6 26. Ka1 Ne3 27. Rc1 Nc4 28. Rb1 Bd4 29. c3 Bf6 30. Bf2 Rb7 31. Bd4 Nd2 32. Rbd1 Nb3+ 33. Kb1 Nxd4 34. cxd4 Rd7 35. Re4 Bb7 36. Rg4 h5 37. Rg3 Rxd4 38. Rxd4 Bxd4 39. Rg5 g6 40. b4 e5 41. Rg3 e4 42. Rb3 e3 43. Kc1 Bxg2 44. Kd1 f5 45. b5 f4 46. a4 f3 47. Rd3 f2 0-1

[Event "WYCC 2018 G16"]
[Site "Halkidiki"]
[Date "2018.10.26"]
[Round "7"]
[White "Muetsch, Annmarie"]
[Black "Beydullayeva, Govhar"]
[Result "1/2-1/2"]
[ECO "C07"]
[WhiteElo "2206"]
[BlackElo "2202"]
[Annotator "NA"]
[PlyCount "53"]
[EventDate "2018.10.20"]
[EventType "swiss"]
[EventCountry "GRE"]
[SourceTitle "playchess.com"]
[Source "ChessBase"]
[SourceQuality "1"]
[TimeControl "40/5400+30:1800+30"]

1. e4 e6 2. d4 d5 3. Nd2 c5 4. exd5 Qxd5 5. Ngf3 cxd4 6. Bc4 Qd7 7. O-O Nc6 8. Nb3 a6 9. Nbxd4 Nxd4 10. Nxd4 Qc7 11. Qe2 {[%emt 0:00:58] LiveBook: 60 Games} Bd6 12. h3 Ne7 13. c3 $11 O-O 14. Re1 Ng6 15. Bb3 b5 16. Bc2 Bd7 17. Qh5 b4 18. Nf3 Qc5 19. Qxc5 Bxc5 20. Be4 Rab8 21. cxb4 Bxb4 22. Rd1 Rfd8 23. Be3 Be7 24. b3 f5 25. Bd3 Bb5 26. Bxb5 axb5 27. Bg5 1/2-1/2